 Dungeon Crawl Stone Soup version 0.20.1-1-g8b1a95d (webtiles) character file.

64 Echep the Charmwright (level 4, -5/27 HPs)
             Began as a Tengu Skald on Nov 16, 2017.
             Slain by Woodmanan's ghost (15 damage)
             ... on level 3 of the Dungeon.
             The game lasted 00:12:03 (1785 turns).

Echep the Charmwright (Tengu Skald)                 Turns: 1785, Time: 00:12:03

Health: -5/27      AC:  3    Str: 12    XL:     4   Next: 12%
Magic:  8/8        EV: 12    Int: 13    God:
Gold:   80         SH:  0    Dex: 14    Spells: 3/7 levels left

rFire    . . .     SeeInvis .   a - +0 falchion
rCold    . . .     Gourm    .   (no shield)
rNeg     . . .     Faith    .   b - +0 leather armour
rPois    .         Spirit   .   (helmet restricted)
rElec    .         Reflect  .   (no cloak)
rCorr    .         Harm     .   (no gloves)
MR       .....                  (boots unavailable)
Stlth    +.........             (no amulet)
Regen    0.1/turn               (no ring)
MPRegen  0.2/turn               (no ring)

@: no status effects
A: beak, talons 3
a: no special abilities


You were on level 3 of the Dungeon.
You were not hungry.

You visited 1 branch of the dungeon, and saw 3 of its levels.

You collected 80 gold pieces.

Inventory:

Hand Weapons
 a - a +0 falchion (weapon)
 n - a +2 antimagic dagger
Missiles
 g - 62 stones (quivered)
Armour
 b - a +0 leather armour (worn)
Jewellery
 f - a cursed amulet of inaccuracy {unknown}
 i - an uncursed ring of protection from cold {unknown}
Scrolls
 e - a scroll of identify {unknown}
 h - a scroll of recharging {unknown}
 j - a scroll of amnesia {unknown}
 k - a scroll of magic mapping {unknown}
 l - a scroll of enchant weapon {unknown}
Books
 c - a book of Battle

   Spells                             Type                      Level
   a - Infusion                       Charms                       1
   b - Shroud of Golubria             Charms/Translocation         2
   c - Song of Slaying                Charms                       2
   d - Spectral Weapon                Hexes/Charms                 3
   e - Regeneration                   Charms/Necromancy            3
Comestibles
 d - 2 bread rations


   Skills:
 + Level 2.4 Fighting
 + Level 2.5 Long Blades
 + Level 1.9 Armour
 + Level 2.5 Dodging
 + Level 2.2 Spellcasting
 * Level 0.2 Hexes
 + Level 3.0 Charms


You had 3 spell levels left.
You knew the following spells:

 Your Spells              Type           Power        Failure   Level  Hunger
a - Infusion              Chrm           #...         9%          1    ##.....
b - Spectral Weapon       Hex/Chrm       #.......     43%         3    ####...


Dungeon Overview and Level Annotations

Branches:
Dungeon (3/15)

Altars:

Annotations:
D:3 Woodmanan's ghost, amateur DDFi


Innate Abilities, Weirdness & Mutations

You have a beak for a mouth.
You have claws for feet.


Message History

The adder hisses angrily.
Woodmanan's ghost shouts, "You must not fail where I succeeded!"
Woodmanan's ghost barely misses you.
You climb upwards.
Found 16 gold pieces.
There is a stone staircase leading down here.
You climb downwards.
Level annotation: Woodmanan's ghost, amateur DDFi A giant cockroach comes into view.
The adder bites you. Woodmanan's ghost hits you!
Ouch! That really hurt!
The adder closely misses you. Woodmanan's ghost barely misses you.
A killer bee zombie comes into view.
There is a stone staircase leading up here.
The orc barely misses you. The adder closely misses you. The orc misses you.
You riposte.
You slash the orc!
You kill the orc!
Woodmanan's ghost hits you!
Ouch! That really hurt!
You die...

#. ###. ... #..
# # #####..##.#
.##
........#.#s..#
...o....?...# .
#..o#.#...#
#.Z@o....#
#.#SW......
#.##.#.#### #
.#... ## #.# ?#
.


You could see Woodmanan's ghost, an adder, 3 orcs, a killer bee zombie and a
giant cockroach.

Vanquished Creatures
  A gnoll (D:1)
  An adder (D:2)
  2 dart slugs (D:1)
  An orc (D:3)
  A giant cockroach (D:2)
  5 goblins
  5 hobgoblins
  5 bats
  3 frilled lizards (D:1)
  9 kobolds
  9 rats
42 creatures vanquished.

Notes
Turn   | Place    | Note
-------+----------+-------------------------------------------
     0 | D:1      | Echep the Tengu Skald began the quest for the Orb.
     0 | D:1      | Reached XP level 1. HP: 12/12 MP: 4/4
   213 | D:1      | Reached XP level 2. HP: 10/17 MP: 0/6
   376 | D:1      | Reached XP level 3. HP: 15/22 MP: 4/7
   675 | D:1      | Reached skill level 3 in Charms
   692 | D:1      | Learned a level 3 spell: Spectral Weapon
  1077 | D:2      | Reached XP level 4. HP: 8/27 MP: 0/8
  1778 | D:3      | Noticed Woodmanan's ghost (amateur DDFi)
  1785 | D:3      | Slain by Woodmanan's ghost

Skill      XL: |  1  2  3 |
---------------+----------+-----
Charms         | 3 |  3.0
Fighting       | |  2.4
Long Blades    | |  2.5
Armour         | |  1.9
Dodging        | |  2.5
Spellcasting   | |  2.2
Hexes          | |  0.2

Action                   |  1- 3 |  4- 6 || total
-------------------------+-------+-------++-------
Melee: Falchion          |    68 |     3 ||    71
       Kick              |    13 |     1 ||    14
       Peck              |     8 |       ||     8
Throw: Stone             |       |     1 ||     1
 Cast: Infusion          |    16 |       ||    16
       Spectral Weapon   |     1 |       ||     1
  Use: Potion            |       |     4 ||     4
 Stab: Sleeping          |     1 |       ||     1
  Eat: Royal jelly       |     1 |     1 ||     2
Armor: Leather armour    |    19 |     1 ||    20
Dodge: Dodged            |    48 |     9 ||    57
       Rpst.: Falchion   |    19 |     2 ||    21
